 Dungeon Crawl Stone Soup version 0.21.0 (webtiles) character file.

17406 Suckerboh the Brawler (level 12, -3/108 (109) HPs)
             Began as a Troll Monk on Jan 7, 2018.
             Killed from afar by an electric eel (15 damage)
             ... with a bolt of electricity
             ... on level 12 of the Dungeon.
             The game lasted 00:22:08 (11012 turns).

Suckerboh the Brawler (Troll Monk)                 Turns: 11012, Time: 00:22:09

HP:   -3/108 (109)  AC: 10    Str: 22    XL:     12   Next: 18%
MP:   11/11         EV: 13    Int:  9    God:
Gold: 1036          SH:  0    Dex: 16    Spells: 11/11 levels left

rFire    + . .     SeeInvis .     - Unarmed
rCold    . . .     Gourm    +   (no shield)
rNeg     . . .     Faith    .   V - +0 acid dragon scales
rPois    .         Spirit   .   l - +1 hat {MR+}
rElec    .         Reflect  .   M - scarf {repulsion}
rCorr    +         Harm     .   (gloves unavailable)
MR       +....                  (boots unavailable)
Stlth    +.........             (no amulet)
HPRegen  0.68/turn              I - ring of Doubts {+Inv Int+3}
MPRegen  0.12/turn              s - ring of protection from fire

@: repel missiles
A: large, unfitting armour, claws 3, fast metabolism 3, gourmand, regeneration
1, shaggy fur 1, tough skin 2
a: Evoke Invisibility


You were on level 12 of the Dungeon.
You were full.

You visited 4 branches of the dungeon, and saw 15 of its levels.
You also visited: Ossuary.

You collected 1060 gold pieces.
You spent 24 gold pieces at shops.

Inventory:

Armour
 l - a +1 hat of magic resistance (worn)
 M - a scarf of repulsion (worn)
 T - a +0 robe of resistance
 V - +0 acid dragon scales (worn)
Jewellery
 c - an uncursed ring of flight
 s - a ring of protection from fire (right claw)
 t - an uncursed ring of resist corrosion
 u - an uncursed ring of stealth
 y - an uncursed amulet of faith {unknown}
 F - an uncursed ring of positive energy
 I - the ring of Doubts (left claw) {+Inv Int+3}
   (You took it off a wight on level 9 of the Dungeon)

   [ring of intelligence]

   It affects your intelligence (+3).
   It lets you turn invisible.
Wands
 a - a wand of digging (9)
 C - a wand of iceblast (13)
 P - a wand of acid (7)
Scrolls
 d - 3 scrolls of magic mapping {unknown}
 e - 2 scrolls of amnesia {unknown}
 f - 4 scrolls of blinking {unknown}
 g - 9 scrolls of enchant weapon {unknown}
 h - 14 scrolls of identify
 j - 9 scrolls of remove curse {unknown}
 m - 3 scrolls of enchant armour {unknown}
 p - 4 scrolls of teleportation {unknown}
 v - 3 scrolls of fog {unknown}
 w - 2 scrolls of random uselessness {unknown}
 B - 2 scrolls of fear {unknown}
 E - a scroll of noise {unknown}
 L - a scroll of acquirement {unknown}
 S - a scroll of vulnerability {unknown}
Potions
 i - 5 potions of haste {unknown}
 k - 2 potions of lignification {unknown}
 n - 6 potions of heal wounds {unknown}
 o - 5 potions of flight {unknown}
 q - 6 potions of curing {unknown}
 r - a potion of invisibility {unknown}
 z - 4 potions of resistance {unknown}
 A - 3 potions of might {unknown}
 D - a potion of magic {unknown}
 H - a potion of brilliance {unknown}
 K - a potion of degeneration {unknown}
 N - a potion of mutation {unknown}
 Q - a potion of ambrosia {unknown}
 U - a potion of agility {unknown}
Books
 x - a book of Misfortune

   Spells                             Type                      Level
   a - Confusing Touch                Hexes                        1
   b - Confuse                        Hexes                        3
   c - Gell's Gravitas                Translocation                3
   d - Petrify                        Transmutation/Earth          4
   e - Metabolic Englaciation         Hexes/Ice                    5
   f - Yara's Violent Unravelling     Hexes/Transmutation          5
 G - a book of Maledictions

   Spells                             Type                      Level
   a - Corona                         Hexes                        1
   b - Ensorcelled Hibernation        Hexes/Ice                    2
   c - Confuse                        Hexes                        3
   d - Tukima's Dance                 Hexes                        3
   e - Dazzling Spray                 Conjuration/Hexes            3
 J - a book of Minor Magic

   Spells                             Type                      Level
   a - Magic Dart                     Conjuration                  1
   b - Blink                          Translocation                2
   c - Call Imp                       Summoning                    2
   d - Slow                           Hexes                        2
   e - Conjure Flame                  Conjuration/Fire             3
   f - Mephitic Cloud                 Conjuration/Poison/Air       3
Miscellaneous
 O - a phial of floods
Comestibles
 b - 21 rations


   Skills:
 + Level 4.5 Fighting
 + Level 1.9 Armour
 + Level 5.9 Dodging
 - Level 1.0 Stealth
 * Level 17.2 Unarmed Combat
 * Level 1.3 Evocations


You had 11 spell levels left.
You didn't know any spells.

Dungeon Overview and Level Annotations

Branches:
Dungeon (12/15)            Temple (1/1) D:6            Lair (1/6) D:10
    Orc (1/2) D:9

Altars:
Ashenzari
Cheibriados
Dithmenos
Elyvilon
Fedhas
Gozag
Hepliaklqana
Kikubaaqudgha
Makhleb
Nemelex Xobeh
Okawaru
Qazlal
Ru
Sif Muna
Trog
Uskayaw
Vehumet
Wu Jian
Xom
Yredelemnul
Zin
The Shining One

Shops:
D:5 *   D:8 (   D:12 (   Orc:1 }


Innate Abilities, Weirdness & Mutations

You are too large for most types of armour.
You have claws for hands.
Your metabolism is lightning-fast.
You like to eat raw meat.
Your natural rate of healing is unusually fast.
You are covered in fur. (AC +1)
You have very tough skin. (AC +2)


Message History

The bolt of electricity hits you!
The electric eel shoots out a bolt of lightning at you!
The bolt of electricity hits you!
The electric eel shoots out a bolt of lightning at you!
The bolt of electricity hits you!
The electric eel shoots out a bolt of lightning at you!
The bolt of electricity hits you!
The electric eel shoots out a bolt of lightning at you!
The bolt of electricity hits you!
The electric eel shoots out a bolt of lightning at you!
The bolt of electricity hits you!
* * * LOW HITPOINT WARNING * * *
The electric eel shoots out a bolt of lightning at you!
The bolt of electricity misses you. x2
The electric eel shoots out a bolt of lightning at you!
The bolt of electricity hits you!
* * * LOW HITPOINT WARNING * * *
The electric eel shoots out a bolt of lightning at you!
The bolt of electricity hits you!
You die...

#♣P≈≈.....#.≈≈≈≈≈≈≈P≈P
#P≈≈≈♣......;;PP.PPoP;≈
#.)P≈♣.>....;≈P≈..≈.P≈P
####..............!....
##..................
##............#o...
##...........#....
#............#....
####@#####.##..##.... #....#
#......####) #.#### ###F##.# #(
####.# ##.##.####. ##....#
#####.........)
#########.(...#####.......#.####)
.....)............#'#....##.####)
.........#....###.'∩'..#.........
.........#....# #.#'#####........


You could see 3 electric eels.

Vanquished Creatures
  4 two-headed ogres
  An unseen horror (D:12)
  2 ugly things (D:12)
  Joseph (D:7)
  A gargoyle (D:11)
  2 trolls
  A blink frog (D:10)
  4 slime creatures (D:12)
  2 hippogriffs
  19 yaks
  A spriggan (D:11)
  2 wyverns
  3 wraiths
  An insubstantial wisp (D:12)
  A water moccasin (D:8)
  2 acid dragons (D:12)
  An eye of draining (D:12)
  10 orc warriors
  2 black bears
  3 sky beasts
  9 ogres
  A necrophage (D:9)
  3 ice beasts (D:6)
  A phantom (D:9)
  3 wolves
  9 centaurs
  A crocodile (D:12)
  A big kobold (D:11)
  9 bullfrogs
  3 scorpions
  A wyvern skeleton (D:10)
  9 wights
  An electric eel (D:12)
  2 howler monkeys
  8 crimson imps
  A jelly (D:7)
  2 centaur zombies
  A bullfrog zombie (D:12)
  10 orc priests
  4 hounds
  16 orc wizards
  2 bullfrog skeletons
  A centaur skeleton (D:4)
  9 worker ants
  An iguana (D:5)
  2 hound skeletons
  5 gnolls
  16 adders
  7 shadow imps
  3 oozes
  3 adder zombies
  2 worms (D:2)
  An adder skeleton (D:3)
  4 dart slugs
  4 leopard geckos
  43 orcs
  3 bats
  5 giant cockroaches
  9 goblins
  6 hobgoblins
  7 jackals
  16 kobolds
  4 quokkas
  2 ball pythons (D:2)
  3 frilled lizards
  4 hobgoblin zombies (Ossuary)
  A kobold zombie (Ossuary)
  A leopard gecko skeleton (D:4)
  A leopard gecko zombie (D:6)
  An orc skeleton (Ossuary)
  2 orc zombies (Ossuary)
  9 rats
335 creatures vanquished.

Vanquished Creatures (others)
  An orc (D:12)
  8 plants (D:12)
9 creatures vanquished.

Grand Total: 344 creatures vanquished

Notes
Turn   | Place    | Note
-------+----------+-------------------------------------------
     0 | D:1      | Suckerboh the Troll Monk began the quest for the Orb.
     0 | D:1      | Reached XP level 1. HP: 22/22 MP: 0/0
   100 | D:1      | Reached XP level 2. HP: 29/29 MP: 1/1
   326 | D:2      | Reached XP level 3. HP: 30/36 MP: 2/2
   352 | D:2      | Noticed an ogre
   484 | D:2      | Killed an ogre
   484 | D:2      | Reached skill level 4 in Unarmed Combat
   484 | D:2      | Reached XP level 4. HP: 37/44 MP: 3/3
   699 | D:2      | Reached XP level 5. HP: 49/52 MP: 4/4
   719 | D:2      | Reached skill level 5 in Unarmed Combat
  1258 | D:3      | Noticed a centaur
  1264 | D:3      | Killed a centaur
  1269 | D:3      | Reached XP level 6. HP: 32/61 MP: 5/5
  1270 | D:3      | Reached skill level 6 in Unarmed Combat
  2267 | D:4      | Reached skill level 7 in Unarmed Combat
  2267 | D:4      | Reached XP level 7. HP: 64/67 MP: 6/6
  2460 | D:4      | Reached skill level 8 in Unarmed Combat
  2549 | D:5      | Entered Level 5 of the Dungeon
  2828 | D:5      | Found a bloodstained altar of Trog.
  2976 | D:5      | Found Ruppup's General Store.
  2990 | D:5      | Bought a scroll of identify for 24 gold pieces
  3459 | D:6      | Reached XP level 8. HP: 69/75 MP: 7/7
  3502 | D:6      | Reached skill level 9 in Unarmed Combat
  3874 | D:6      | Found a staircase to the Ecumenical Temple.
  4011 | D:6      | Reached skill level 10 in Unarmed Combat
  4299 | D:7      | Noticed Joseph
  4307 | D:7      | Killed Joseph
  4307 | D:7      | Reached skill level 11 in Unarmed Combat
  4307 | D:7      | Reached XP level 9. HP: 44/83 MP: 8/8
  4401 | D:7      | Found a sand-covered staircase.
  4437 | Ossuary  | Entered an ossuary
  4615 | Ossuary  | Reached skill level 12 in Unarmed Combat
  5262 | D:8      | Found Soetad's Antique Weapon Shop.
  5450 | D:9      | Found a staircase to the Orcish Mines.
  5485 | D:9      | Noticed a troll
  5497 | D:9      | Reached skill level 13 in Unarmed Combat
  5498 | D:9      | Reached XP level 10. HP: 49/91 MP: 9/9
  5566 | D:8      | HP: 2/91 [yak (14)]
  5980 | D:9      | Got a pitted jade ring
  6198 | D:9      | Reached skill level 14 in Unarmed Combat
  6844 | D:9      | Noticed a two-headed ogre
  6854 | D:9      | Killed a two-headed ogre
  6854 | D:9      | Reached skill level 5 in Dodging
  7244 | Temple   | Entered the Ecumenical Temple
  7364 | Orc:1    | Entered Level 1 of the Orcish Mines
  7713 | Orc:1    | Found Hocyub's Gadget Emporium.
  7938 | D:10     | Entered Level 10 of the Dungeon
  8175 | D:10     | Reached skill level 15 in Unarmed Combat
  8268 | D:10     | Reached XP level 11. HP: 87/99 MP: 10/10
  8344 | D:10     | Found a staircase to the Lair.
  8401 | D:10     | Noticed a two-headed ogre
  8411 | D:10     | Killed a two-headed ogre
  9215 | Lair:1   | Entered Level 1 of the Lair of Beasts
  9263 | Lair:1   | Noticed a four-headed hydra
  9284 | Lair:1   | Reached skill level 16 in Unarmed Combat
  9803 | D:11     | Noticed a two-headed ogre
  9809 | D:11     | Killed a two-headed ogre
  9864 | D:11     | Noticed a two-headed ogre
  9949 | D:11     | Killed a two-headed ogre
 10298 | D:11     | Identified the ring of Doubts {+Inv Int+3} (You took it off a wight on level 9 of the Dungeon)
 10371 | D:12     | Found Puycoc's Antique Weapon Shop.
 10491 | D:12     | Killed an unseen horror
 10491 | D:12     | Reached skill level 1 in Armour
 10495 | D:12     | Reached XP level 12. HP: 65/108 MP: 3/11
 10517 | D:12     | Reached skill level 17 in Unarmed Combat
 10567 | D:12     | Reached skill level 1 in Evocations
 10823 | D:12     | HP: 1/108 [electric eel/bolt of electricity (9)]
 11012 | D:12     | Killed from afar by an electric eel

Skill      XL: |  1  2  3  4  5  6  7  8  9 10 11 12 |
---------------+-------------------------------------+-----
Unarmed Combat | 4 5 7 8 11 13 15 16 17 | 17.2
Dodging        | 3 4 5 |  5.9
Fighting       | 3 4 |  4.5
Armour         | 1 |  1.9
Evocations     | 1 |  1.3
Stealth        | |  1.0

Action                   |  1- 3 |  4- 6 |  7- 9 | 10-12 || total
-------------------------+-------+-------+-------+-------++-------
Melee: Unarmed           |    45 |   157 |   242 |   484 ||   928
       Punch             |     2 |     5 |    14 |    23 ||    44
 Stab: Sleeping          |       |     4 |    15 |     2 ||    21
  Eat: Chunk             |     6 |    19 |    30 |    48 ||   103
Armor: Robe              |     9 |    43 |    43 |    49 ||   144
       Troll leather arm |       |       |       |    24 ||    24
       Acid dragon scale |       |       |       |    10 ||    10
Dodge: Dodged            |    19 |    73 |   100 |   236 ||   428
       Deflected         |       |       |       |     1 ||     1
